 Dungeon Crawl Stone Soup version 0.21.1-1-g345015fe64 (webtiles) character file.

350 LSF the Shield-Bearer (level 6, 0/32 HPs)
             Began as a Vine Stalker Fighter on May 28, 2018.
             Succumbed to Crazy Yiuf's poison
             ... on level 4 of the Dungeon.
             The game lasted 00:06:43 (3896 turns).

LSF the Shield-Bearer (Vine Stalker Fighter)        Turns: 3896, Time: 00:06:44

Health: 0/32       AC: 12    Str: 21    XL:     6   Next: 60%
Magic:  0/7        EV:  6    Int:  8    God:
Gold:   84         SH:  9    Dex: 13    Spells: 5/5 levels left

rFire    . . .     SeeInvis +   w - +2 flail (protect)
rCold    . . .     Gourm    .   c - +0 shield
rNeg     . . .     Faith    .   s - +0 chain mail
rPois    .         Spirit   +   (no helmet)
rElec    .         Reflect  .   (no cloak)
rCorr    .         Harm     .   g - +2 pair of gloves
MR       .....                  (no boots)
Stlth    ..........             v - amulet of magic regeneration
HPRegen  0.50/turn              m - ring of loudness (curse)
MPRegen  0.35/turn              n - ring of see invisible

@: lethally poisoned (0 -> 0)
A: fangs 2, regeneration 1, magic shield, antimagic bite, no potion heal 3, rot
immunity
a: no special abilities


You were on level 4 of the Dungeon.
You were hungry.

You visited 1 branch of the dungeon, and saw 4 of its levels.

You collected 84 gold pieces.

Inventory:

Hand Weapons
 w - a +2 flail of protection (weapon)
Missiles
 p - 12 tomahawks (quivered)
Armour
 c - a +0 shield (worn)
 g - a +2 pair of gloves (worn)
 s - a +0 chain mail (worn)
Jewellery
 m - a cursed ring of loudness (left hand)
 n - a ring of see invisible (right hand)
 v - an amulet of magic regeneration (around neck)
Scrolls
 h - 4 scrolls of teleportation {unknown}
 i - a scroll of magic mapping {unknown}
 l - 3 scrolls of fear {unknown}
 o - 3 scrolls of identify {unknown}
 q - a scroll of remove curse {unknown}
 u - a scroll of noise {unknown}
Potions
 b - 3 potions of magic {unknown}
 d - a potion of might
 e - 3 potions of curing
 j - 3 potions of haste {unknown}
 k - 3 potions of heal wounds {unknown}
 t - a potion of brilliance {unknown}
Comestibles
 f - 7 rations


   Skills:
 + Level 3.3 Fighting
 * Level 3.3 Maces & Flails
 * Level 3.6 Armour
 + Level 1.6 Dodging
 * Level 3.9 Shields


You had 5 spell levels left.
You didn't know any spells.

Dungeon Overview and Level Annotations

Branches:
Dungeon (4/15)
 Temple: D:4-7

Altars:
Cheibriados
Nemelex Xobeh
Uskayaw
The Shining One

Annotations:
D:4 Crazy Yiuf


Innate Abilities, Weirdness & Mutations

You have extremely sharp teeth.
Your natural rate of healing is unusually fast.
When hurt, damage is shared between your health and your magic reserves.
Your bite disrupts and absorbs the magic of your enemies.
Potions cannot restore your health.
You are immune to rotting.


Message History

Your bite misses Crazy Yiuf.
Crazy Yiuf drinks a potion.
Crazy Yiuf goes berserk!
Crazy Yiuf barely misses you.
You closely miss Crazy Yiuf. Your bite misses Crazy Yiuf.
You feel sick. Crazy Yiuf barely misses you.
You closely miss Crazy Yiuf.
You feel sick. Crazy Yiuf barely misses you.
Crazy Yiuf hits you with a quarterstaff of chaos.
Crazy Yiuf freezes you.
You completely miss Crazy Yiuf. You bite Crazy Yiuf, but do no damage.
You feel sick. Crazy Yiuf hits you but does no damage.
Crazy Yiuf hits you with a quarterstaff of chaos!
* * * LOW HITPOINT WARNING * * *
Your shield prevents you from hitting Crazy Yiuf.
You bite Crazy Yiuf. You drain his power.
You feel invigorated.
Crazy Yiuf is lightly wounded.
Crazy Yiuf hits you with a quarterstaff of chaos!
* * * LOW HITPOINT WARNING * * *
Crazy Yiuf barely misses you.
You closely miss Crazy Yiuf. Your bite misses Crazy Yiuf.
Crazy Yiuf is lightly wounded.
You die...

.###.######..####.#
#.#
.#......).......#.#
#.#
.###)#####......#.#
#.#
.#..)[....#########
### ...########
..## ♣♣♣♣♣### ..#
#### ♣♣♣.♣....##
..#
#...#♣..♣......##
..#
#..g@.♣♣♣♣......#
..# #)..#♣♣
♣♣.....# ### ####
♣♣##..# #### #.##
#..# #.# #.#####
#########.#
#.###.##
#.##......#
########.##...##
#.##.....##
..............<#
#.#.......#


You could see Crazy Yiuf (berserk).

Vanquished Creatures
  3 orc priests
  A hound (D:4)
  4 orc wizards
  A hound skeleton (D:4)
  2 adders
  2 dart slugs
  2 leopard geckos
  11 orcs
  A ball python (D:4)
  6 bats
  4 giant cockroaches
  3 goblins (D:3)
  8 hobgoblins
  12 jackals
  6 kobolds
  6 frilled lizards
  10 rats
82 creatures vanquished.

Notes
Turn   | Place    | Note
-------+----------+-------------------------------------------
     0 | D:1      | LSF the Vine Stalker Fighter began the quest for the Orb.
     0 | D:1      | Reached XP level 1. HP: 11/11 MP: 2/2
   391 | D:1      | Reached XP level 2. HP: 13/16 MP: 3/3
  1063 | D:1      | Reached XP level 3. HP: 19/19 MP: 4/4
  1400 | D:2      | Found a sparkling altar of Nemelex Xobeh.
  1980 | D:2      | You fall through a shaft!
  2009 | D:3      | Gained mutation: Your natural rate of healing is unusually fast. [Vine Stalker growth]
  2009 | D:3      | Reached XP level 4. HP: 24/24 MP: 5/5
  2031 | D:3      | Reached skill level 1 in Dodging
  2117 | D:3      | Reached XP level 5. HP: 27/28 MP: 6/6
  2335 | D:3      | Found a snail-covered altar of Cheibriados.
  2898 | D:4      | Found a glowing golden altar of the Shining One.
  2968 | D:4      | Reached XP level 6. HP: 28/32 MP: 7/7
  3417 | D:4      | Found a hide-covered altar of Uskayaw.
  3511 | D:4      | Found a runed door.
  3887 | D:4      | Noticed Crazy Yiuf
  3895 | D:4      | HP: 1/32 [Crazy Yiuf/quarterstaff of chaos (3)]
  3896 | D:4      | Succumbed to Crazy Yiuf's poison

Skill      XL: |  1  2  3  4  5 |
---------------+----------------+-----
Maces & Flails | 2 3 |  3.3
Shields        | 3 |  3.9
Fighting       | 3 |  3.3
Armour         | 3 |  3.6
Dodging        | 1 |  1.6

Action                   |  1- 3 |  4- 6 || total
-------------------------+-------+-------++-------
Melee: Flail             |   111 |   163 ||   274
       Bite              |    23 |    42 ||    65
  Eat: Chunk             |     4 |     5 ||     9
Armor: Scale mail        |    48 |    33 ||    81
       Chain mail        |       |    63 ||    63
Dodge: Dodged            |    43 |    42 ||    85
Block: Shield            |    59 |    76 ||   135
